Map: Cyber Forest LE

Players

Leenock - Winner!

  • Race: Zerg Zerg
  • Spawn Location: 5:00

Lambo

  • Race: Zerg Zerg
  • Spawn Location: 11:00

Event: IEM Season 13: Katowice (2019)

VOD

Have the link to the VOD?

Description

Time

  • Played on: Feb. 28, 2019, 12:19 p.m.
  • Length: 3:55

All games in this series

Show
View Real Time Build Order
Export as new Build Order

Leenock Zerg - Winner!

Build Orders: Hatch First 

Get SALT Encoding   

  12  0:00  Drone  
  13  0:12  Overlord  
  13  0:16  Drone  
  14  0:30  Drone x2  
  16  0:47  Hatchery  
  15  0:51  Drone  
  15  0:55  Drone  
  17  0:57  Drone  
  18  1:05  Extractor  
  17  1:13  Spawning Pool  
  17  1:16  Drone  
  17  1:20  Drone  
  18  1:27  Drone  
  19  1:38  Overlord  
  19  1:49  Drone  
  20  2:00  Queen x2, Drone  
  25  2:01  Drone  
  25  2:06  Metabolic Boost  
  26  2:10  Drone  
  26  2:14  Drone  
  28  2:29  Hatchery  
  27  2:31  Zergling x2  
  28  2:39  Overlord  
  28  2:40  Zergling x2  
  28  2:41  Zergling x2  
  28  2:43  Zergling x2  
  31  2:45  Zergling x2  
  32  2:55  Zergling x4  
  34  3:04  Zergling x2  
  35  3:08  Zergling x10  
  35  3:09  Zergling x2  
  35  3:10  Zergling x2  
  42  3:17  Zergling x4  
  44  3:27  Overlord  
  43  3:36  Zergling x2  
Show
View Real Time Build Order
Export as new Build Order

Lambo Zerg 

Build Orders: Hatch First 

Get SALT Encoding   

  12  0:00  Drone  
  13  0:13  Overlord  
  13  0:18  Drone  
  14  0:32  Drone x2  
  16  0:48  Hatchery  
  15  0:52  Drone  
  15  0:55  Drone  
  17  1:09  Spawning Pool  
  17  1:11  Extractor  
  15  1:14  Drone  
  15  1:17  Drone  
  17  1:21  Drone  
  18  1:29  Drone  
  19  1:39  Drone  
  20  1:50  Overlord  
  20  1:55  Queen  
  20  1:59  Queen  
  24  2:02  Drone x2  
  26  2:11  Drone  
  26  2:12  Drone  
  28  2:22  Drone  
  29  2:23  Drone  
  30  2:33  Drone x2  
  30  2:35  Queen  
  30  2:36  Lair  
  34  2:40  Evolution Chamber  
  33  2:44  Overlord  
  33  2:51  Roach Warren  
  33  2:54  Drone  
  33  3:01  Drone x2  
  33  3:03  Drone x2  
  37  3:08  Drone  
  37  3:09  Overlord  
  38  3:18  Overlord  
  38  3:28  Drone x3  
  38  3:29  Drone x2  
  38  3:31  Drone  
  38  3:32  Extractor  
  38  3:33  Extractor  
  42  3:37  Evolution Chamber  

Tags
 
Add a new tag
Caveats
  • Supply blocks, unpowered buildings, or Contaminate may cause inaccurate times.
  • Supply counts are checked every 10 seconds.